 Dungeon Crawl Stone Soup version 0.32-a0-656-g3542139ebd (webtiles) character file.

Game seed: 181735341490144215

58 Gangsterbeez the Trooper (level 3, 37/37 HPs)
             Began as a Minotaur Fighter on Mar 5, 2024.
             Quit the game on level 3 of the Dungeon on Mar 9, 2024.
             The game lasted 00:02:45 (1357 turns).

Gangsterbeez the Trooper (Minotaur Fighter)         Turns: 1357, Time: 00:02:46

Health: 37/37      AC:  6    Str: 22    XL:     3   Next: 75%
Magic:  2/2        EV:  9    Int:  5    God:
Gold:   48         SH:  4    Dex:  9    Spells: 2/2 levels left

rFire   . . .        a - +0 flail
rCold   . . .        c - +0 buckler
rNeg    . . .        b - +0 scale mail
rPois   .            (helmet restricted)
rElec   .            (no cloak)
rCorr   .            (no gloves)
SInv    .            (no boots)
Will    .....        (no amulet) Stlth
                     (no ring)
HPRegen 0.26/turn    (no ring)
MPRegen 0.08/turn

%: no passive effects
@: no status effects
A: horns 2, retaliatory headbutt
a: no special abilities


You were on level 3 of the Dungeon.
You visited 1 branch of the dungeon, and saw 3 of its levels.

You collected 48 gold pieces.

Inventory:

Hand Weapons
 a - a +0 flail (weapon)
Armour
 b - a +0 scale mail (worn)
 c - a +0 buckler (worn)
Scrolls
 e - a scroll of identify {unknown}
 f - a scroll of fear {unknown}
 i - a scroll of revelation {unknown}
 j - a scroll of blinking {unknown}
 k - a scroll of torment {unknown}
 l - a scroll of enchant armour {unknown}
Potions
 d - a potion of might
 g - 2 potions of heal wounds {unknown}
 h - a potion of curing {unknown}


   Skills:
 * Level 5.7 Fighting
 - Level 2.5 Maces & Flails
 - Level 3.6 Armour
 - Level 3.6 Shields


You had 2 spell levels left.
You didn't know any spells.
Your spell library contained the following spells:

 Spells                   Type           Power      Damage    Failure   Level
 Lesser Beckoning         Tloc           0%         N/A       95%         2
 Dazzling Flash           Conj/Hex       0%         N/A       99%         3
 Gell's Gravitas          Tloc           0%         N/A       99%         3
 Teleport Other           Tloc           0%         N/A       99%         3
 Volatile Blastmotes      Fire/Tloc      0%         2d10      99%         3
 Starburst                Conj/Fire      0%         6d3       100%        6
 Maxwell's Capacitive Co  Air            0%         ∞         100%        8


Dungeon Overview and Level Annotations

Branches:
Dungeon (3/15)

Altars:
Hepliaklqana

Shops:
D:1 ***!


Innate Abilities, Weirdness & Mutations

You have a pair of horns on your head.
You reflexively headbutt those who attack you in melee.


Message History

A giant cockroach comes into view.
You block the giant cockroach's attack. The giant cockroach barely misses you.
You sock the giant cockroach!
You kill the giant cockroach!
No target in view!
No target in view!
You pick up a book of Spectacle and begin reading...
You add the spells Volatile Blastmotes, Dazzling Flash, Starburst and Maxwell's Capacitive Coupling to your library.
k - a scroll labelled DERUSHR UBLILI A rat comes into view.
The rat squeaks loudly.
The rat moves out of view.
A rat is nearby!
You hit the rat.
You kill the rat!
No target in view!
No target in view!
l - a scroll labelled ROCANAHEUH Key pressed, stopping explore.
Found a spear.
You see here a +0 spear.
You open the door.
You see here a +0 spear.
You open the door.
There is an open door here.
g - 2 inky potions (gained 1)
A ball python comes into view.
The ball python hisses angrily.
A ball python is nearby!
The ball python bites you but does no damage.
You block the ball python's attack.
You hit the ball python. You headbutt the ball python.
You kill the ball python!
You see here a ball python corpse.
No target in view!
No target in view!
Saving game... please wait.
Welcome back, Gangsterbeez the Minotaur Fighter.
Press ? for a list of commands and other information.
Are you sure you want to abandon this character and quit the game? (Confirm with "yes".)

#######.#.#.# #
.....#.#.### # #
#######.#...####.# #
........###....#.#
.................#
########...####.#######
#..........+...........
#.#############†#####.#
#.#...... +...@......#
#.#...... ####.####..#
##.#....... ...
...#....... ##..#
####....... #...
........ #.... ####
####. #.


There were no monsters in sight!

Vanquished Creatures
  A gnoll (D:1)
  A dart slug (D:2)
  3 endoplasms
  3 giant cockroaches
  4 hobgoblins
  4 quokkas
  6 ball pythons
  5 bats
  2 frilled lizards (D:2)
  4 goblins
  7 kobolds
  3 rats
43 creatures vanquished.

Notes
Turn   | Place    | Note
-------+----------+-------------------------------------------
     0 | D:1      | Gangsterbeez the Minotaur Fighter began the quest for the
                  | Orb.
     0 | D:1      | Reached XP level 1. HP: 19/19 MP: 0/0
    36 | D:1      | Found Iwiffol's Distillery.
   178 | D:1      | Found Fegrirel's General Store.
   213 | D:1      | Reached skill level 4 in Fighting
   216 | D:1      | Reached XP level 2. HP: 22/27 MP: 1/1
   299 | D:1      | Found Nilaupn's General Store.
   376 | D:1      | Found Huewafus's General Store.
   665 | D:1      | Reached skill level 5 in Fighting
   725 | D:1      | Reached XP level 3. HP: 36/36 MP: 2/2
  1064 | D:2      | Found a faded altar of an unknown god.
  1136 | D:2      | Found a hazy altar of Hepliaklqana.
  1225 | D:2      | You fall into a shaft and drop 1 floor!
  1357 | D:3      | Upgraded the game from 0.32-a0-616-g9348d4545b to
                  | 0.32-a0-656-g3542139ebd
  1357 | D:3      | Quit the game

Illustrated notes

Levels and vault maps discovered:
D:1:      grunt_arrival_lava_bath, layout_loops_corners, serial_shops,
          nicolae_shop_gibbet_a_chance, shop, shop, shop
D:2:      layout_rooms, basic_altar, ebering_ecumenical_altar_sacrificial,
          serial_glass, glass_columns_c, glass_columns_a
D:3:      layout_basic, general_overflow_altar, serial_co_window_serial,
          co_window_of_opportunity_a, co_window_paths_b, co_window_corner_a,
          co_window_of_opportunity_a, co_window_corner_a, co_window_broadway_c,
          co_window_corner_b, co_window_of_opportunity_c, co_window_paths_e,
          glass_columns_a, glass_columns_a, dreamdust_princess_corridor,
          kennysheep_potato

Skill      XL: |  1  2 |
---------------+-------+-----
Fighting       | 4 5 |  5.7
Maces & Flails | |  2.5
Armour         | |  3.6
Shields        | |  3.6

Action                     || total
---------------------------++-------
  Melee: Flail             ||    90
         Headbutt          ||    10
 Armour: Scale mail        ||    74
  Dodge: Dodged            ||    50
  Block: Buckler           ||    29

Table legend: (Time is in decaauts)
 A = Elapsed time spent in this place.
 B = Non-inter-level travel time spent in this place.
 C = Inter-level travel time spent in this place.
 D = Time resting spent in this place.
 E = Time spent auto-exploring this place.
 F = Levels seen in this place.
 G = Mean time per level.
                   A        B        C        D        E       F      G
               +--------+--------+--------+--------+--------+-----+--------+
         Total |   1384 |   1366 |     18 |     58 |    949 |   3 |  461.3 |
       Dungeon |   1384 |   1366 |     18 |     58 |    949 |   3 |  461.3 |
               +--------+--------+--------+--------+--------+-----+--------+

Top non-repeatable levels by time:
     D:1: 860 daAuts
     D:2: 391 daAuts
     D:3: 132 daAuts
